 Dungeon Crawl Stone Soup version 0.31-a0-187-gba352fbbf7 (webtiles) character file.

Game seed: 9886397589155232138

47 qw the Shooter (level 3, 0/20 HPs)
             Began as a Deep Elf Hunter on June 22, 2023.
             Slain by a gnoll
             ... wielding a +0 club
              (7 damage)
             ... on level 2 of the Dungeon.
             The game lasted 00:00:19 (801 turns).

qw the Shooter (Deep Elf Hunter)                     Turns: 801, Time: 00:00:20

Health: 0/20       AC:  4    Str: 10    XL:     3   Next: 48%
Magic:  5/5        EV: 12    Int: 13    God:
Gold:   31         SH:  0    Dex: 18    Spells: 2/2 levels left

rFire   . . .        Y - +1 shortbow
rCold   + . .        (shield currently unavailable)
rNeg    . . .        c - +0 leather armour
rPois   .            (no helmet)
rElec   .            (no cloak)
rCorr   .            i - +0 pair of gloves
SInv    .            (no boots)
Will    .....        (no amulet)
Stlth   ++           d - ring of protection from cold
HPRegen 0.23/turn    (no ring)
MPRegen 0.09/turn

%: no passive effects
@: no status effects
A: no striking features
a: no special abilities


You were on level 2 of the Dungeon.
You visited 1 branch of the dungeon, and saw 2 of its levels.

You collected 31 gold pieces.


   Skills:
 - Level 1.5 Fighting
 + Level 7.0 Ranged Weapons
 - Level 2.4 Dodging
 - Level 1.2 Stealth


You had 2 spell levels left.
You didn't know any spells.
Your spell library was empty.

Inventory:

Hand Weapons
 Y - a +1 shortbow (weapon)
Armour
 c - a +0 leather armour (worn)
 i - a +0 pair of gloves (worn)
Jewellery
 d - a ring of protection from cold (left hand)
Potions
 e - a potion of haste {unknown}
 h - a potion of ambrosia {unknown}

Dungeon Overview and Level Annotations

Branches:
Dungeon (2/15)

Altars:

Shops:
D:1 ==(?(


Message History

You shoot an arrow.
The arrow hits the gnoll but does no damage.
The gnoll is moderately wounded.
You shoot an arrow. The arrow closely misses the gnoll.
You shoot an arrow. The arrow hits the gnoll.
The gnoll is heavily wounded.
You shoot an arrow. The arrow hits the gnoll!
You kill the gnoll!
You have reached level 3!
Your experience leads to an increase in your attributes!
Increase (S)trength, (I)ntelligence, or (D)exterity?
You feel stronger. x2
You shoot an arrow.
The arrow hits the gnoll but does no damage.
You shoot an arrow. The arrow barely misses the gnoll.
The gnoll hits you but does no damage.
You shoot an arrow. The arrow hits the gnoll.
The gnoll is moderately wounded.
You shoot an arrow. The arrow hits the gnoll.
The gnoll is severely wounded.
The gnoll hits you with a +0 whip. The gnoll closely misses you.
You shoot an arrow. The arrow hits the gnoll!
You kill the gnoll!
The gnoll barely misses you. x2
Your Ranged Weapons skill increases to level 7!
You shoot an arrow. The arrow barely misses the gnoll.
The gnoll hits you with a +0 club.
You shoot an arrow. The arrow barely misses the gnoll.
The gnoll hits you with a +0 club.
You shoot an arrow. The arrow closely misses the gnoll.
The gnoll completely misses you.
You shoot an arrow. The arrow hits the gnoll.
The gnoll is heavily wounded.
The gnoll hits you but does no damage.
You shoot an arrow. The arrow barely misses the gnoll.
The gnoll hits you with a +0 club.
You shoot an arrow. The arrow hits the gnoll.
The gnoll is heavily wounded.
The gnoll hits you with a +0 club!
You die...

#.##....####
#.........#
####...####.#
.......%...#.#
...........#.#
...##......#.#
.# #........#
#####..###
#@.#
.....)g).#
#######.## #.#
#.# #.# #.#
..#


You could see a gnoll.

Vanquished Creatures
  2 gnolls (D:2)
  3 ball pythons (D:1)
  3 endoplasms (D:1)
  2 goblins (D:1)
  3 hobgoblins
  A kobold (D:1)
  2 quokkas (D:1)
  2 bats (D:1)
  10 rats (D:1)
28 creatures vanquished.

Notes
Turn   | Place    | Note
-------+----------+-------------------------------------------
     0 | D:1      | qw the Deep Elf Hunter began the quest for the Orb.
     0 | D:1      | Reached XP level 1. HP: 12/12 MP: 3/3
     0 | D:1      | 0 ||| qw: Version: 0.3-a-9-g12657ce
     0 | D:1      | 0 ||| qw: Game counter: 2272
     0 | D:1      | 0 ||| qw: Always use a shield: true
     0 | D:1      | 0 ||| qw: God list: Okawaru
     0 | D:1      | 0 ||| qw: Allow faded altars: false
     0 | D:1      | 0 ||| qw: Do Orc after D:15 true
     0 | D:1      | 0 ||| qw: Do second Lair branch before Depths: true
     0 | D:1      | 0 ||| qw: Lair rune preference: random
     0 | D:1      | 0 ||| qw: Plans: Normal
     0 | D:1      | 0 ||| PLANNING D:1-11
    88 | D:1      | Found Jovibus's Jewellery Shop.
   184 | D:1      | Found Camocs's Antique Weapon Shop.
   199 | D:1      | 199 ||| SHOPLISTING +6 ring of dexterity (432 gold, have
                  | 7).
   199 | D:1      | 199 ||| SHOPLISTING amulet of reflection (360 gold, have
                  | 7).
   199 | D:1      | 199 ||| SHOPLISTING ring "Riafress" {*Slow rC+ rN+ Str+3
                  | Int+3 Stlth+} (552 gold, have 7).
   199 | D:1      | 199 ||| SHOPLISTING ring of ice (300 gold, have 7).
   199 | D:1      | 199 ||| SHOPLISTING ring of willpower (300 gold, have 7).
   219 | D:1      | Reached XP level 2. HP: 16/16 MP: 4/4
   224 | D:1      | Found Coypoih's Jewellery Shop.
   227 | D:1      | 227 ||| SHOPLISTING amulet of reflection (300 gold, have
                  | 7).
   227 | D:1      | 227 ||| SHOPLISTING amulet of regeneration (300 gold, have
                  | 7).
   227 | D:1      | 227 ||| SHOPLISTING amulet of the acrobat (300 gold, have
                  | 7).
   227 | D:1      | 227 ||| SHOPLISTING ring of Upeun {rN+ Will+ Int+4} (446
                  | gold, have 7).
   227 | D:1      | 227 ||| SHOPLISTING ring of poison resistance (200 gold,
                  | have 7).
   227 | D:1      | 227 ||| SHOPLISTING ring of protection from fire (250 gold,
                  | have 7).
   242 | D:1      | Reached skill level 6 in Ranged Weapons
   350 | D:1      | Found Welusu's Weapon Shoppe.
   356 | D:1      | 356 ||| SHOPLISTING +1 orcbow of flaming (146 gold, have
                  | 7).
   593 | D:1      | Found Ytsail's Magic Scroll Shop.
   603 | D:1      | 603 ||| SHOPLISTING scroll of identify (26 gold, have 7).
   704 | D:1      | 704 ||| UPGRADING to +0 pair of gloves.
   709 | D:1      | 709 ||| UPGRADING to ring of protection from cold.
   710 | D:1      | 710 ||| READING scroll labelled DOC COPEUSU.
   713 | D:1      | 713 ||| READING scroll labelled QEOMUM ITHEMEU.
   714 | D:1      | 714 ||| READING scroll labelled UWOJAY BAFUOQ.
   715 | D:1      | 715 ||| READING scroll labelled TYGELO NOVIRAP.
   716 | D:1      | 716 ||| DROPPING scroll of butterflies.
   791 | D:2      | Reached XP level 3. HP: 20/20 MP: 5/5
   796 | D:2      | Reached skill level 7 in Ranged Weapons
   801 | D:2      | Slain by a gnoll

Levels and vault maps discovered:
D:1:      nicolae_arrival_somewhat_less_tricky_arrival, layout_basic,
          serial_shops, nicolae_shop_crystal, shop, shop,
          nicolae_shop_tiny_real_fake_doors, nicolae_shop_peninsula,
          nrook_mini_backslash, minmay_rat_gold_closets
D:2:      kennysheep_six_static_rooms, layout_loops_corners, nrook_mini_vaults

Skill      XL: |  1  2  3 |
---------------+----------+-----
Ranged Weapons | 6 7 |  7.0
Fighting       | |  1.5
Dodging        | |  2.4
Stealth        | |  1.2

Action                     || total
---------------------------++-------
   Fire: Shortbow          ||    73
    Use: Scroll            ||     4
 Armour: Leather armour    ||     8
  Dodge: Dodged            ||    10

Table legend:
 A = Non-vault XP
 B = Vault XP
 C = Vault XP percentage of total XP
 D = Non-vault monster count
 E = Vault monster count
 F = Vault count percentage of total count
                 A         B        C        D         E       F
            +---------+---------+-------+---------+---------+-------
      Total |      61 |       7 |  10.3 |      21 |       7 |  25.0
            +---------+---------+-------+---------+---------+-------
        D:1 |      30 |       7 |  18.9 |      18 |       7 |  28.0
        D:2 |      31 |       0 |   0.0 |       3 |       0 |   0.0
            +---------+---------+-------+---------+---------+-------
